 Dungeon Crawl Stone Soup version 0.23.2-11-gf996548c65 (webtiles) character file.

Game seed: 16091205528452549205

380 kae the Changer (level 6, -2/70 HPs)
             Began as a Draconian Transmuter on June 3, 2019.
             Slain by an orc wizard
             ... wielding a +0 mace
              (5 damage)
             ... on level 4 of the Dungeon.
             The game lasted 00:03:42 (3187 turns).

kae the Changer (Draconian Transmuter)              Turns: 3187, Time: 00:03:42

Health: -2/70      AC:  6    Str: 18    XL:     6   Next: 46%
Magic:  9/11       EV: 12    Int: 13    God:
Gold:   229        SH:  0    Dex: 13    Spells: 6/12 levels left

rFire    . . .     SeeInvis .     - Unarmed
rCold    . . .     Gourm    .   (no shield)
rNeg     . . .     Faith    .   (armour unavailable)
rPois    .         Spirit   .   (helmet restricted)
rElec    .         Reflect  .   (no cloak)
rCorr    .         Harm     .   (no gloves)
MR       .....                  (no boots)
Stlth    ..........             (no amulet)
HPRegen  0.21/turn              (no ring)
MPRegen  0.12/turn              (no ring)

@: berserking, very quick
A: unfitting armour, cold-blooded, AC +6
a: no special abilities


You were on level 4 of the Dungeon.
You were not hungry.

You visited 1 branch of the dungeon, and saw 4 of its levels.

You collected 229 gold pieces.

Inventory:

Missiles
 a - 94 arrows
Scrolls
 e - a scroll of enchant weapon {unknown}
 f - 6 scrolls of identify {unknown}
 h - a scroll of amnesia {unknown}
 j - 4 scrolls of remove curse {unknown}
 k - a scroll of immolation {unknown}
Potions
 b - a potion of agility
 d - 2 potions of curing
 i - 5 potions of berserk rage
 l - a potion of brilliance {unknown}
 m - a potion of resistance {unknown}
Comestibles
 c - 8 rations


   Skills:
 - Level 1.1 Fighting
 - Level 1.7 Dodging
 - Level 3.0 Unarmed Combat
 + Level 3.9 Spellcasting
 * Level 5.8 Transmutations


You had 6 spell levels left.
You knew the following spells:

 Your Spells              Type           Power        Failure   Level  Hunger
a - Beastly Appendage     Tmut           ###...       1%          1    None
b - Sticks to Snakes      Tmut           ###.....     2%          2    ##.....
c - Spider Form           Tmut/Pois      ##........   19%         3    ###....

Your spell library contained the following spells:

 Spells                   Type           Power        Failure   Level  Hunger
 Blade Hands              Tmut           ###.......   45%         5    ######.
 Ice Form                 Ice/Tmut       ##......     54%         4    ####...


Dungeon Overview and Level Annotations

Branches:
Dungeon (4/15)
 Temple: D:4-7

Altars:
Uskayaw


Innate Abilities, Weirdness & Mutations

Your plain brown scales are hard. (AC +6)
You cannot fit into any form of body armour.
You are cold-blooded and may be slowed by cold attacks.


Message History

A red film seems to cover your vision as you go berserk!
You feel yourself moving faster!
You feel mighty! The hound bites you but does no damage.
The orc priest hits you with a +0 trident!
* * * LOW HITPOINT WARNING * * *
The hound bites you but does no damage.
The orc wizard gestures wildly while chanting.
The orc wizard flickers and vanishes!
Deactivating autopickup; reactivate with Ctrl-A.
The orc hits you with a +0 war axe.
* * * LOW HITPOINT WARNING * * *
You barely miss the orc priest.
The orc priest is heavily wounded.
The hound bites you but does no damage. The orc priest misses you.
The orc barely misses you.
You are too berserk!
You punch the orc priest!
You kill the orc priest!
Something hits you.
You die...

# # # ######. #
#######...... #
#..........# #
#.......)..# #
#..........##. #
#.....{o......
###########....(@)....#
...............oh.....#
###########...........#
##### #...(.........
..... #..........###
..... #............
..... ###########.##
..... .. .....


You could see a hound and 2 orcs.

Vanquished Creatures
  A phantom (D:4)
  A bullfrog zombie (D:3)
  2 orc priests
  Jessica (D:2)
  2 worker ants (D:4)
  Robin (D:2)
  2 worms
  2 dart slugs
  3 leopard geckos
  14 orcs
  2 giant cockroaches
  17 goblins
  11 hobgoblins
  2 jackals (D:1)
  A quokka (D:2)
  2 ball pythons
  5 bats
  5 frilled lizards
  4 kobolds
  9 rats
87 creatures vanquished.

Vanquished Creatures (collateral kills)
  A worker ant (D:4)
1 creature vanquished.

Grand Total: 88 creatures vanquished

Notes
Turn   | Place    | Note
-------+----------+-------------------------------------------
     0 | D:1      | kae the Draconian Transmuter began the quest for the Orb.
     0 | D:1      | Reached XP level 1. HP: 16/16 MP: 3/3
    46 | D:1      | Reached XP level 2. HP: 11/23 MP: 5/5
   514 | D:1      | Reached skill level 3 in Transmutations
   638 | D:1      | Reached XP level 3. HP: 25/28 MP: 6/6
   849 | D:2      | Noticed Jessica
   861 | D:2      | Killed Jessica
   906 | D:2      | Reached XP level 4. HP: 17/35 MP: 8/8
  1073 | D:2      | Learned a level 2 spell: Sticks to Snakes
  1077 | D:2      | Learned a level 3 spell: Spider Form
  1129 | D:2      | Noticed Robin
  1156 | D:2      | Killed Robin
  1156 | D:2      | Reached skill level 4 in Transmutations
  1885 | D:3      | Reached XP level 5. HP: 34/40 MP: 6/9
  2486 | D:4      | Reached skill level 5 in Transmutations
  2514 | D:4      | Found a hide-covered altar of Uskayaw.
  2716 | D:4      | Noticed a phantom
  2814 | D:4      | Reached XP level 6. HP: 16/47 MP: 3/11
  3185 | D:4      | HP: 3/70 [orc/+0 war axe (3)]
  3187 | D:4      | Slain by an orc wizard

Skill      XL: |  1  2  3  4  5 |
---------------+----------------+-----
Transmutations | 3 4 5 |  5.8
Spellcasting   | 3 |  3.9
Fighting       | |  1.1
Dodging        | |  1.7
Unarmed Combat | |  3.0

Action                   |  1- 3 |  4- 6 || total
-------------------------+-------+-------++-------
Melee: Unarmed           |   101 |   222 ||   323
       Kick              |    15 |     1 ||    16
       Tailslap          |    12 |    10 ||    22
       Headbutt          |     4 |     1 ||     5
       Punch             |     2 |     2 ||     4
 Cast: Beastly Appendage |    15 |     4 ||    19
       Spider Form       |       |    15 ||    15
       Sticks to Snakes  |       |     5 ||     5
  Use: Potion            |       |     4 ||     4
 Stab: Sleeping          |       |     1 ||     1
  Eat: Chunk             |       |     7 ||     7
       Ration            |       |     1 ||     1
Armor: Skin              |    16 |    31 ||    47
Dodge: Dodged            |    64 |   164 ||   228
